TOP OF THE 1ST |
Boston (APP) Red Sox batting - Pitching for Orem Owlz : LHP Troy Trombino
|
Pitching: LHP Troy Trombino
|
|
Batting: RHB Estevan Carrillo
|
0-0: Hit by Pitch
|
Batting: RHB Bob Reichley
|
0-0: Fly out, F7 (Line Drive, 7LS, EV 98.8 MPH)
|
Batting: RHB Felix Rangel
|
0-0: Called Strike 0-1: Ball Estevan Carrillo is caught stealing 2nd base 2-4 1-1: Foul Ball, location: 2F 1-2: SINGLE (Line Drive, 9S, EV 95.0 MPH)
|
Batting: RHB Kirk Cully
|
0-0: Ball 1-0: Fielders Choice at 2nd, 5-4 (Groundball, 5, EV 96.2 MPH)
|
Top of the 1st over - 0 runs, 1 hit, 0 errors, 1 left on base; Boston (APP) 0 - Orem 0 |
BOTTOM OF THE 1ST |
Orem Owlz batting - Pitching for Boston (APP) Red Sox : RHP Jeff Williams
|
Pitching: RHP Jeff Williams
|
|
Batting: RHB Brian Spry
|
0-0: Foul Ball, location: 2F 0-1: Fly out, F9 (Flyball, 9, EV 85.0 MPH)
|
Batting: RHB Daniel Molina
|
0-0: Ball 1-0: Foul Ball, location: 2F 1-1: Ball 2-1: Ball 3-1: Swinging Strike 3-2: Foul Ball, location: 2F 3-2: Foul Ball, location: 2F 3-2: Foul Ball, location: 2F 3-2: Foul Ball, location: 2F 3-2: Fly out, F4 (Line Drive, 4M, EV 75.6 MPH)
|
Batting: LHB Bill Girton
|
0-0: Ball 1-0: Called Strike 1-1: Ground out 6-3 (Groundball, 4M, EV 103.1 MPH)
|
Bottom of the 1st over - 0 runs, 0 hits, 0 errors, 0 left on base; Boston (APP) 0 - Orem 0 |
TOP OF THE 2ND |
Boston (APP) Red Sox batting - Pitching for Orem Owlz : LHP Troy Trombino
|
Batting: RHB Chris Zubia
|
0-0: Ball 1-0: Called Strike 1-1: Called Strike 1-2: Ball 2-2: Ball 3-2: SOLO HOME RUN (Flyball, 7D, EV 98.1 MPH), Distance : 385 ft
|
Batting: RHB Ryan Davis
|
0-0: Ball 1-0: Ball 2-0: Ball 3-0: Called Strike 3-1: Base on Balls
|
Batting: RHB Wayne Whimster
|
0-0: Ball 1-0: Foul Ball, location: 2F 1-1: Ball 2-1: Ground out 6-3 (Groundball, 6MS, EV 76.2 MPH) Ryan Davis to second
|
Batting: RHB Luis Nino
|
0-0: Ball 1-0: Swinging Strike 1-1: Called Strike 1-2: Ball 2-2: Ground out 6-3 (Groundball, 6, EV 101.2 MPH)
|
Batting: RHB Joe Lewis
|
0-0: Fly out, F7 (Flyball, 7, EV 87.5 MPH)
|
Top of the 2nd over - 1 run, 1 hit, 0 errors, 1 left on base; Boston (APP) 1 - Orem 0 |
BOTTOM OF THE 2ND |
Orem Owlz batting - Pitching for Boston (APP) Red Sox : RHP Jeff Williams
|
Batting: LHB David Coatney
|
0-0: Called Strike 0-1: Ball 1-1: Fly out, F7 (Flyball, 78M, EV 81.2 MPH)
|
Batting: RHB Shawn Jansen
|
0-0: Ball 1-0: Swinging Strike 1-1: Swinging Strike 1-2: Ground out 1-3 (Groundball, 13S, EV 68.8 MPH)
|
Batting: RHB Brendan Garoutte
|
0-0: Ball 1-0: TRIPLE (Flyball, 89XD, EV 110.6 MPH)
|
Batting: RHB Fernando Sosa
|
0-0: Ball 1-0: Ball 2-0: Ball 3-0: Called Strike 3-1: Foul Ball, location: 2F 3-2: Foul Ball, location: 2F 3-2: Base on Balls
|
Batting: SHB Marty Kuehn
|
0-0: Swinging Strike 0-1: Ball 1-1: Foul Ball, location: 2F 1-2: Foul Ball, location: 2F 1-2: Strikes out swinging
|
Bottom of the 2nd over - 0 runs, 1 hit, 0 errors, 2 left on base; Boston (APP) 1 - Orem 0 |
TOP OF THE 3RD |
Boston (APP) Red Sox batting - Pitching for Orem Owlz : LHP Troy Trombino
|
Batting: RHB Estevan Carrillo
|
0-0: Called Strike 0-1: Foul Ball, location: 2F 0-2: Fly out, F6 (Popup, P, EV 77.5 MPH)
|
Batting: RHB Bob Reichley
|
0-0: Ball 1-0: Foul Ball, location: 2F 1-1: Ground out 1-3 (Groundball, 13S, EV 63.8 MPH)
|
Batting: RHB Felix Rangel
|
0-0: Called Strike 0-1: Called Strike 0-2: Ball 1-2: SOLO HOME RUN (Flyball, 78XD, EV 108.8 MPH), Distance : 422 ft
|
Batting: RHB Kirk Cully
|
0-0: Called Strike 0-1: Called Strike 0-2: Ball 1-2: Ground out 6-3 (Groundball, 6, EV 80.6 MPH)
|
Top of the 3rd over - 1 run, 1 hit, 0 errors, 0 left on base; Boston (APP) 2 - Orem 0 |
BOTTOM OF THE 3RD |
Orem Owlz batting - Pitching for Boston (APP) Red Sox : RHP Jeff Williams
|
Batting: RHB Steve Neely
|
0-0: Called Strike 0-1: SINGLE (Groundball, 25, EV 66.2 MPH) (infield hit)
|
Batting: RHB Brian Spry
|
0-0: Ball 1-0: Ball 2-0: Called Strike 2-1: Ball 3-1: Base on Balls Steve Neely to second
|
Batting: RHB Daniel Molina
|
0-0: Ball 1-0: Foul Ball, location: 2F 1-1: Ball 2-1: Foul Ball, location: 2F 2-2: Foul Ball, location: 2F 2-2: SINGLE (Groundball, 4D, EV 101.2 MPH) Steve Neely to third Brian Spry to second
|
Batting: LHB Bill Girton
|
0-0: Foul Ball, location: 2F 0-1: Swinging Strike 0-2: Ball 1-2: Ball 2-2: Ball 3-2: Base on Balls Steve Neely scores Brian Spry to third Daniel Molina to second
|
Batting: LHB David Coatney
|
0-0: Called Strike 0-1: Foul Ball, location: 2F 0-2: Ball 1-2: Ball 2-2: Foul Ball, location: 2F 2-2: Foul Ball, location: 2F 2-2: Foul Ball, location: 2F 2-2: SINGLE (Line Drive, 78S, EV 97.5 MPH) Brian Spry scores Daniel Molina to third Bill Girton to second
|
Batting: RHB Shawn Jansen
|
0-0: Ball Wild Pitch! Daniel Molina scores Bill Girton to third David Coatney to second 1-0: Ball 2-0: Ball 3-0: Base on Balls
|
Batting: RHB Brendan Garoutte
|
0-0: SINGLE (Groundball, 6S, EV 67.5 MPH) (infield hit) Bill Girton scores David Coatney to third Shawn Jansen to second
|
Batting: RHB Fernando Sosa
|
0-0: Ball 1-0: Foul Ball, location: 2F 1-1: Ball 2-1: Foul Ball, location: 2F 2-2: Foul Ball, location: 2F 2-2: Ball 3-2: Base on Balls David Coatney scores Shawn Jansen to third Brendan Garoutte to second
|
Pitching: RHP Du Kong
|
|
Batting: SHB Marty Kuehn
|
0-0: Ball 1-0: Ball 2-0: Ball 3-0: Base on Balls Shawn Jansen scores Brendan Garoutte to third Fernando Sosa to second
|
Batting: RHB Steve Neely
|
0-0: Called Strike 0-1: Ball 1-1: Ball 2-1: Grounds into double play, 4-6-3 (Groundball, 4, EV 88.8 MPH) Brendan Garoutte scores Fernando Sosa to third
|
Batting: RHB Brian Spry
|
0-0: Ball 1-0: Ball 2-0: Foul Ball, location: 2F 2-1: Swinging Strike 2-2: Foul Ball, location: 2F 2-2: Foul Ball, location: 2F 2-2: Foul Ball, location: 2F 2-2: Foul Ball, location: 2F 2-2: Ball 3-2: Foul Ball, location: 2F 3-2: Foul Ball, location: 2F 3-2: Foul Ball, location: 2F 3-2: Foul Ball, location: 2F 3-2: Foul Ball, location: 2F 3-2: Ground out 3-1 (Groundball, 34S, EV 85.0 MPH)
|
Bottom of the 3rd over - 7 runs, 4 hits, 0 errors, 1 left on base; Boston (APP) 2 - Orem 7 |
TOP OF THE 4TH |
Boston (APP) Red Sox batting - Pitching for Orem Owlz : LHP Troy Trombino
|
Batting: RHB Chris Zubia
|
0-0: Foul Ball, location: 2F 0-1: Called Strike 0-2: Strikes out swinging
|
Batting: RHB Ryan Davis
|
0-0: Called Strike 0-1: Foul Ball, location: 2F 0-2: Fly out, F8 (Flyball, 8LM, EV 93.8 MPH)
|
Batting: RHB Wayne Whimster
|
0-0: Called Strike 0-1: DOUBLE (Line Drive, 78D, EV 111.2 MPH)
|
Batting: RHB Luis Nino
|
0-0: Ball 1-0: Ball 2-0: Foul Ball, location: 2F 2-1: Called Strike 2-2: Ball 3-2: Foul Ball, location: 2F 3-2: Base on Balls
|
Batting: RHB Joe Lewis
|
0-0: Called Strike 0-1: SINGLE (Line Drive, 56D, EV 110.0 MPH) Wayne Whimster to third Luis Nino to second
|
Batting: RHB Estevan Carrillo
|
0-0: Ball 1-0: Ball 2-0: Ball 3-0: Called Strike 3-1: Base on Balls Wayne Whimster scores Luis Nino to third Joe Lewis to second
|
Batting: RHB Bob Reichley
|
0-0: Called Strike 0-1: Ball 1-1: Ball 2-1: Foul Ball, location: 2F 2-2: Strikes out swinging
|
Top of the 4th over - 1 run, 2 hits, 0 errors, 3 left on base; Boston (APP) 3 - Orem 7 |
BOTTOM OF THE 4TH |
Orem Owlz batting - Pitching for Boston (APP) Red Sox : RHP Du Kong
|
Batting: RHB Daniel Molina
|
0-0: Called Strike 0-1: Called Strike 0-2: Ball 1-2: Ball 2-2: Ball 3-2: Base on Balls
|
Batting: LHB Bill Girton
|
0-0: Ball 1-0: Called Strike 1-1: Ball Wild Pitch! Daniel Molina to second 2-1: Ball 3-1: Called Strike 3-2: Strikes out swinging
|
Batting: LHB David Coatney
|
0-0: Ball 1-0: Foul Ball, location: 2F 1-1: 2-RUN HOME RUN (Flyball, 9D, EV 95.6 MPH), Distance : 364 ft
|
Batting: RHB Shawn Jansen
|
0-0: Foul Ball, location: 2F 0-1: Ball 1-1: Ground out 5-3 (Groundball, 56S, EV 84.4 MPH)
|
Batting: RHB Brendan Garoutte
|
0-0: Ball 1-0: SINGLE (Line Drive, 3D, EV 95.0 MPH)
|
Batting: RHB Fernando Sosa
|
0-0: Ball 1-0: Ball Brendan Garoutte steals 2nd base 2-0: Foul Ball, location: 2F 2-1: Foul Ball, location: 2F 2-2: Ball Wild Pitch! Brendan Garoutte to third 3-2: Foul Ball, location: 2F 3-2: Strikes out swinging
|
Bottom of the 4th over - 2 runs, 2 hits, 0 errors, 1 left on base; Boston (APP) 3 - Orem 9 |
TOP OF THE 5TH |
Boston (APP) Red Sox batting - Pitching for Orem Owlz : LHP Troy Trombino
|
Batting: RHB Felix Rangel
|
0-0: Called Strike 0-1: Foul Ball, location: 2F 0-2: Ball 1-2: Foul Ball, location: 2F 1-2: Ball 2-2: Ball 3-2: Foul Ball, location: 2F 3-2: SINGLE (Groundball, 56D, EV 105.6 MPH)
|
Batting: RHB Kirk Cully
|
0-0: Called Strike Passed Ball! Felix Rangel to second 0-1: Foul Ball, location: 2F 0-2: Strikes out looking
|
Batting: RHB Chris Zubia
|
0-0: Called Strike 0-1: Called Strike 0-2: Foul Ball, location: 2F 0-2: Foul Ball, location: 2F 0-2: Foul Ball, location: 2F 0-2: Foul Ball, location: 2F 0-2: Foul Ball, location: 2F 0-2: Fly out, F8 (Flyball, 78D, EV 85.0 MPH)
|
Batting: RHB Ryan Davis
|
0-0: Called Strike 0-1: Ball 1-1: Swinging Strike 1-2: Strikes out swinging
|
Top of the 5th over - 0 runs, 1 hit, 0 errors, 1 left on base; Boston (APP) 3 - Orem 9 |
BOTTOM OF THE 5TH |
Orem Owlz batting - Pitching for Boston (APP) Red Sox : RHP Du Kong
|
Batting: SHB Marty Kuehn
|
0-0: Called Strike 0-1: Ground out 4-3 (Groundball, 4M, EV 105.0 MPH)
|
Batting: RHB Steve Neely
|
0-0: Ball 1-0: DOUBLE (Line Drive, 9LM, EV 110.0 MPH)
|
Batting: RHB Brian Spry
|
0-0: Fly out, F8 (Flyball, 8RD, EV 105.6 MPH)
|
Batting: RHB Daniel Molina
|
0-0: Ball 1-0: Ball 2-0: Foul Ball, location: 2F 2-1: Ball 3-1: Base on Balls
|
Batting: LHB Bill Girton
|
0-0: Ball 1-0: Ball 2-0: Ball 3-0: Called Strike 3-1: Base on Balls Steve Neely to third Daniel Molina to second
|
Batting: LHB David Coatney
|
0-0: Ball 1-0: Called Strike 1-1: Fly out, F8 (Flyball, 8RD, EV 96.9 MPH)
|
Bottom of the 5th over - 0 runs, 1 hit, 0 errors, 3 left on base; Boston (APP) 3 - Orem 9 |
TOP OF THE 6TH |
Boston (APP) Red Sox batting - Pitching for Orem Owlz : LHP Troy Trombino
|
Pitching: RHP Jim Sawicki
|
|
Batting: RHB Wayne Whimster
|
0-0: Ball 1-0: Fly out, F8 (Flyball, 8RD, EV 106.9 MPH)
|
Pinch Hitting: SHB Jose Santiago
|
0-0: Ball 1-0: Foul Ball, location: 2F 1-1: Foul Ball, location: 2F 1-2: Ball 2-2: Ball 3-2: Strikes out swinging
|
Pinch Hitting: RHB Eric Kent
|
0-0: DOUBLE (Groundball, 5L, EV 104.4 MPH)
|
Batting: RHB Estevan Carrillo
|
0-0: Called Strike 0-1: Ball 1-1: Ball 2-1: Swinging Strike 2-2: Strikes out swinging
|
Top of the 6th over - 0 runs, 1 hit, 0 errors, 1 left on base; Boston (APP) 3 - Orem 9 |
BOTTOM OF THE 6TH |
Orem Owlz batting - Pitching for Boston (APP) Red Sox : RHP Du Kong
|
Now at 2B: Eric Kent
|
|
Now at SS: Jose Santiago
|
|
Batting: RHB Shawn Jansen
|
0-0: Ball 1-0: Ground out 4-3 (Groundball, 4, EV 90.0 MPH)
|
Pitching: RHP Cedric Tyler
|
|
Batting: RHB Brendan Garoutte
|
0-0: Called Strike 0-1: Foul Ball, location: 2F 0-2: Strikes out swinging
|
Batting: RHB Fernando Sosa
|
0-0: Swinging Strike 0-1: Fly out, F8 (Flyball, 8RD, EV 88.1 MPH)
|
Bottom of the 6th over - 0 runs, 0 hits, 0 errors, 0 left on base; Boston (APP) 3 - Orem 9 |
TOP OF THE 7TH |
Boston (APP) Red Sox batting - Pitching for Orem Owlz : RHP Jim Sawicki
|
Batting: RHB Bob Reichley
|
0-0: Called Strike 0-1: Swinging Strike 0-2: SINGLE (Groundball, 6MD, EV 106.2 MPH)
|
Batting: RHB Felix Rangel
|
0-0: Called Strike 0-1: Foul Ball, location: 2F 0-2: Strikes out swinging
|
Batting: RHB Kirk Cully
|
0-0: Ball 1-0: Foul Ball, location: 2F 1-1: Foul Ball, location: 2F 1-2: Foul Ball, location: 2F 1-2: Strikes out swinging
|
Batting: RHB Chris Zubia
|
0-0: Called Strike 0-1: Foul Ball, location: 2F 0-2: Fly out, F7 (Line Drive, 7, EV 85.6 MPH)
|
Top of the 7th over - 0 runs, 1 hit, 0 errors, 1 left on base; Boston (APP) 3 - Orem 9 |
BOTTOM OF THE 7TH |
Orem Owlz batting - Pitching for Boston (APP) Red Sox : RHP Cedric Tyler
|
Batting: SHB Marty Kuehn
|
0-0: Ball 1-0: Ground out 4-3 (Groundball, 4, EV 100.0 MPH)
|
Pinch Hitting: SHB Cesar Carrasquillo
|
0-0: Ball 1-0: Ball 2-0: Called Strike 2-1: Foul Ball, location: 2F 2-2: Ball 3-2: Strikes out looking
|
Batting: RHB Brian Spry
|
0-0: Ball 1-0: Ball 2-0: SINGLE (Groundball, 34D, EV 98.1 MPH)
|
Batting: RHB Daniel Molina
|
0-0: Ball 1-0: 2-RUN HOME RUN (Flyball, 78XD, EV 99.4 MPH), Distance : 418 ft
|
Batting: LHB Bill Girton
|
0-0: Ball 1-0: Ball 2-0: Foul Ball, location: 2F 2-1: Ball 3-1: Swinging Strike 3-2: SINGLE (Line Drive, 8LS, EV 99.4 MPH)
|
Batting: LHB David Coatney
|
0-0: Ball 1-0: Ball 2-0: Fly out, F1 (Popup, P, EV 92.5 MPH)
|
Bottom of the 7th over - 2 runs, 3 hits, 0 errors, 1 left on base; Boston (APP) 3 - Orem 11 |
TOP OF THE 8TH |
Boston (APP) Red Sox batting - Pitching for Orem Owlz : RHP Jim Sawicki
|
Now in CF: Carlos Gonzales
|
|
Batting: RHB Ryan Davis
|
0-0: Called Strike 0-1: Swinging Strike 0-2: Ball 1-2: Ball 2-2: Strikes out swinging
|
Batting: RHB Wayne Whimster
|
0-0: Ball 1-0: Ball 2-0: Ground out 5-3 (Groundball, 56, EV 89.4 MPH)
|
Batting: SHB Jose Santiago
|
0-0: DOUBLE (Groundball, 3L, EV 94.4 MPH)
|
Batting: RHB Eric Kent
|
0-0: Fly out, F8 (Flyball, 89M, EV 92.5 MPH)
|
Top of the 8th over - 0 runs, 1 hit, 0 errors, 1 left on base; Boston (APP) 3 - Orem 11 |
BOTTOM OF THE 8TH |
Orem Owlz batting - Pitching for Boston (APP) Red Sox : RHP Cedric Tyler
|
Batting: RHB Shawn Jansen
|
0-0: Foul Ball, location: 2F 0-1: Ball 1-1: Called Strike 1-2: Foul Ball, location: 2F 1-2: Ground out 5-3 (Groundball, 56, EV 108.1 MPH)
|
Batting: RHB Brendan Garoutte
|
0-0: Called Strike 0-1: Ball 1-1: Foul Ball, location: 2F 1-2: Strikes out swinging
|
Batting: RHB Fernando Sosa
|
0-0: Called Strike 0-1: Ball 1-1: Ball 2-1: DOUBLE (Groundball, 5L, EV 102.5 MPH)
|
Pitching: RHP Seb Lightfoot
|
|
Batting: SHB Marty Kuehn
|
0-0: Ball 1-0: Called Strike 1-1: Called Strike 1-2: Foul Ball, location: 2F 1-2: Strikes out swinging
|
Bottom of the 8th over - 0 runs, 1 hit, 0 errors, 1 left on base; Boston (APP) 3 - Orem 11 |
TOP OF THE 9TH |
Boston (APP) Red Sox batting - Pitching for Orem Owlz : RHP Jim Sawicki
|
Pinch Hitting: RHB Eric McClelland
|
0-0: Swinging Strike 0-1: Ball 1-1: Ball 2-1: Ball 3-1: Base on Balls
|
Pitching: LHP Yee Koh
|
|
Batting: RHB Bob Reichley
|
0-0: Swinging Strike 0-1: Called Strike 0-2: Ball 1-2: Ball 2-2: Strikes out looking
|
Batting: RHB Felix Rangel
|
0-0: Ball 1-0: Ball Wild Pitch! Eric McClelland to second 2-0: Foul Ball, location: 2F 2-1: Ball 3-1: Base on Balls
|
Batting: RHB Kirk Cully
|
0-0: Ball 1-0: Ball 2-0: Foul Ball, location: 2F 2-1: Ball Wild Pitch! Eric McClelland to third Felix Rangel to second 3-1: Called Strike 3-2: Strikes out swinging
|
Batting: RHB Chris Zubia
|
0-0: Called Strike 0-1: Swinging Strike 0-2: Foul Ball, location: 2F 0-2: Ball 1-2: Ball 2-2: Foul Ball, location: 2F 2-2: Foul Ball, location: 2F 2-2: Foul Ball, location: 2F 2-2: Strikes out swinging
|
Top of the 9th over - 0 runs, 0 hits, 0 errors, 2 left on base; Boston (APP) 3 - Orem 11 |
|